 Dungeon Crawl Stone Soup version 0.26-a0-1181-gd376ed14c5 (webtiles) character file.

Game seed: 16791730748109261990

63 Dracia the Ducker (level 3, 0/28 HPs)
             Began as a Demonspawn Gladiator on Dec 25, 2020.
             Slain by a gnoll (5 damage)
             ... on level 2 of the Dungeon.
             The game lasted 00:02:36 (2050 turns).

Dracia the Ducker (Demonspawn Gladiator)            Turns: 2050, Time: 00:02:36

Health: 0/28       AC:  4    Str: 15    XL:     3   Next: 89%
Magic:  3/3        EV: 13    Int:  9    God:
Gold:   67         SH:  0    Dex: 14    Spells: 2/2 levels left

rFire    . . .     SeeInvis .     - Unarmed
rCold    . . .     Faith    .   (no shield)
rNeg     . . .     Spirit   .   b - +0 leather armour
rPois    +         Reflect  .   c - +0 helmet
rElec    .         Harm     .   (no cloak)
rCorr    .         Rampage  .   (no gloves)
Will     .....                  (no boots)
Stlth    +.........             (no amulet)
HPRegen  0.09/turn              P - ring of poison resistance
MPRegen  0.08/turn              (no ring)

@: attractive
A: claws 1
a: no special abilities


You were on level 2 of the Dungeon.
You visited 1 branch of the dungeon, and saw 2 of its levels.

You collected 67 gold pieces.


Innate Abilities, Weirdness & Mutations

You have sharp fingernails.


   Skills:
 + Level 2.4 Fighting
 - Level 2.6 Staves
 - Level 1.7 Throwing
 - Level 1.0 Armour
 + Level 3.3 Dodging
 * Level 1.7 Unarmed Combat


You had 2 spell levels left.
You didn't know any spells.
Your spell library was empty.

Inventory:

Missiles
 d - 3 throwing nets (quivered) {=f=f}
Armour
 b - a +0 leather armour (worn)
 c - a +0 helmet (worn)
Jewellery
 P - a ring of poison resistance (left claw)
Scrolls
 e - a scroll of identify {unknown}
 g - 3 scrolls of remove curse {unknown}
 h - a scroll of blinking {unknown}
 j - a scroll of magic mapping {unknown}
 k - a scroll of teleportation {unknown}
Potions
 f - a potion of berserk rage {unknown}
 i - a potion of might {unknown}

Dungeon Overview and Level Annotations

Branches:
Dungeon (2/15)

Altars:
Okawaru

...........#
#(.........##
############...........#
.....†.....##..........#
##########..#...........
##.##........#
#..#..†g..# ##.##.@.#
#.†#.### ##.#.# #...#
#####


You could see a gnoll.


Message History

The gnoll closely misses you.
You scratch the gnoll but do no damage.
The gnoll is severely wounded.
The gnoll closely misses you.
You scratch the gnoll but do no damage.
The gnoll is severely wounded.
The gnoll hits you!
* * * LOW HITPOINT WARNING * * *
Unknown command.
You barely miss the gnoll.
The gnoll is severely wounded.
The gnoll closely misses you.
You scratch the gnoll but do no damage.
The gnoll is severely wounded.
The gnoll hits you.
* * * LOW HITPOINT WARNING * * *
You scratch the gnoll but do no damage.
The gnoll is severely wounded.
The gnoll misses you.
You barely miss the gnoll.
The gnoll is severely wounded.
The gnoll misses you.
You scratch the gnoll but do no damage.
The gnoll is severely wounded.
The gnoll misses you.
Unknown command.
It was a potion of attraction.
You feel attractive to monsters. The gnoll hits you.
You die...

Skill      XL: |  1  2 |
---------------+-------+-----
Armour         | 1 |  1.0
Dodging        | 3 |  3.3
Unarmed Combat | 1 |  1.7
Fighting       | |  2.4
Staves         | |  2.6
Throwing       | |  1.7

Action                   || total
-------------------------++-------
Melee: Quarterstaff      ||    24
       Unarmed           ||   170
  Use: Potion            ||     1
Armor: Leather armour    ||    43
Dodge: Dodged            ||   152

Levels and vault maps discovered:
D:1:      enne_arrival_octagon_isle, layout_basic
D:2:      minmay_skewed_foursquare, layout_basic, lemuel_crystal_altar,
          nicolae_dithmenos_shadow_blocks

Notes
Turn   | Place    | Note
-------+----------+-------------------------------------------
     0 | D:1      | Dracia the Demonspawn Gladiator began the quest for the
                  | Orb.
     0 | D:1      | Reached XP level 1. HP: 16/16 MP: 1/1
   479 | D:1      | Reached skill level 1 in Armour
   479 | D:1      | Reached skill level 3 in Dodging
   479 | D:1      | Gained mutation: You have sharp fingernails. [demonic
                  | ancestry]
   479 | D:1      | Reached XP level 2. HP: 19/22 MP: 2/2
  1127 | D:2      | Reached skill level 1 in Unarmed Combat
  1127 | D:2      | Reached XP level 3. HP: 16/27 MP: 3/3
  1329 | D:2      | Found an iron altar of Okawaru.
  2050 | D:2      | Slain by a gnoll

Vanquished Creatures
  2 adders (D:2)
  A worm (D:2)
  2 dart slugs (D:1)
  2 leopard geckos
  5 bats
  3 giant cockroaches (D:1)
  2 goblins (D:2)
  3 hobgoblins (D:2)
  4 jackals (D:2)
  5 frilled lizards
  4 kobolds
  4 rats
37 creatures vanquished.

Table legend: (Time is in decaauts)
 A = Elapsed time spent in this place.
 B = Non-inter-level travel time spent in this place.
 C = Inter-level travel time spent in this place.
 D = Time resting spent in this place.
 E = Time spent auto-exploring this place.
 F = Levels seen in this place.
 G = Mean time per level.
                   A        B        C        D        E       F      G
               +--------+--------+--------+--------+--------+-----+--------+
         Total |   2049 |   1982 |     67 |    379 |   1295 |   2 | 1024.5 |
       Dungeon |   2049 |   1982 |     67 |    379 |   1295 |   2 | 1024.5 |
               +--------+--------+--------+--------+--------+-----+--------+

Top non-repeatable levels by time:
     D:1: 1117 daAuts
     D:2: 932 daAuts

Table legend:
 A = Non-vault XP
 B = Vault XP
 C = Vault XP percentage of total XP
 D = Non-vault monster count
 E = Vault monster count
 F = Vault count percentage of total count
                 A         B        C        D         E       F
            +---------+---------+-------+---------+---------+-------
      Total |      83 |       8 |   8.8 |      34 |       3 |   8.1
            +---------+---------+-------+---------+---------+-------
        D:1 |      29 |       0 |   0.0 |      15 |       0 |   0.0
        D:2 |      54 |       8 |  12.9 |      19 |       3 |  13.6
            +---------+---------+-------+---------+---------+-------
